AoeStats
← mordisquito69

Arena

505537626Analyzed
4v4 RM · 23d ago on Sep 9, 2026· 24m 34s· 8 players
Game mode
Random Map
Map size
Large (8 player)
Population
200
Speed
Normal
Resources
Standard
Victory
Conquest
Starting age
Dark Age
Ending age
Imperial Age
RankedLock teamsTeams togetherTeam positionsShared explorationLock speedFull tech treeHidden civsTurbo modeCheats
Victory
Defeat
🇷🇺 Huns · Russia
1079
+17
🇨🇴 Malay · Colombia
1078
+17
🇩🇪 Teutons · Germany
1069
+17
🇺🇸 Burgundians · United States
1066
+17
🇹🇷 Mongols · Türkiye
1119
-19
🇵🇪 Magyars · Peru
1115
-18
🇦🇷 Hindustanis · Argentina
1105
-17
🇸🇪 Japanese · Sweden
1032
-14
Saul carvajal 9
9:36 Feudal Age
10:17 Loom
15:49 Castle Age
15:06 Double-Bit Axe
ryantsabin
10:56 Feudal Age
9:53 Double-Bit Axe
9:50 Horse Collar
12:31 Bow Saw
12:23 Heavy Plow
16:45 Gold Mining
19:20 Castle Age
17:58 Wheelbarrow
18:09 Gold Shaft Mining
18:35 Scale Barding Armor
18:41 Forging
21:16 Two-Man Saw
20:49 Crop Rotation
23:12 Hand Cart
23:38 Cavalier
24:18 Husbandry
PezMaza
10:34 Feudal Age
12:24 Town Watch
12:50 Loom
15:28 Castle Age
18:30 Fletching
21:57 Wheelbarrow
founderr
11:24 Feudal Age
15:32 Castle Age
13:26 Horse Collar
16:10 Wheelbarrow
17:34 Loom
17:52 Double-Bit Axe
18:42 Heavy Plow
19:21 Bow Saw
23:29 Stone Mining
Yosef_
11:02 Feudal Age
9:19 Loom
10:21 Loom
13:20 Double-Bit Axe
16:18 Castle Age
18:13 Bow Saw
Minmaj
9:05 Feudal Age
12:09 Loom
14:56 Castle Age
13:13 Double-Bit Axe
13:11 Horse Collar
19:19 Wheelbarrow
18:57 Bow Saw
Stinsen_WX
9:52 Feudal Age
16:38 Castle Age
14:36 Man-at-Arms
15:13 Arson
15:27 Double-Bit Axe
17:01 Fletching
18:22 Horse Collar
18:55 Scale Mail Armor
20:52 Man-at-Arms
23:02 Squires
mordisquito69
9:05 Loom
10:53 Feudal Age
14:40 Castle Age
12:33 Double-Bit Axe
12:56 Horse Collar
15:48 Bow Saw
16:52 Heavy Plow
19:54 Loom
20:47 Wheelbarrow
20:07 Town Watch
20:16 Gold Mining
21:58 Hand Cart
23:27 Gold Shaft Mining
23:11 Scale Barding Armor
23:17 Bloodlines
Connection lost

Rejoining the realm…

Still unreachable

The connection could not be restored.

Session expired

The server has moved on; the page needs a fresh start.